 Dungeon Crawl Stone Soup version 0.30-a0-1114-gd936c97349 (webtiles) character file.

Game seed: 393961325199662693

572 retardedninja the Firebug (level 7, -4/51 HPs)
             Began as a Gnoll Fire Elementalist on Apr 20, 2023.
             Was an Initiate of Cheibriados.
             Slain by Edmund
             ... wielding a +5 flail of protection
              (11 damage)
             ... on level 4 of the Dungeon.
             The game lasted 00:09:11 (5654 turns).

retardedninja the Firebug (Gnoll Fire Elementalist) Turns: 5654, Time: 00:09:12

Health: -4/51      AC:  3    Str:  8    XL:     7   Next: 34%
Magic:  4/15       EV: 14    Int: 17    God:    Cheibriados [......]
Gold:   189        SH:  0    Dex: 14    Spells: 14/17 levels left

rFire   + . .      SeeInvis .    n - +0 morningstar
rCold   + . .      Faith    .    (no shield)
rNeg    . . .      Spirit   .    a - +0 robe
rPois   +          Reflect  .    f - +0 helmet
rElec   +          Rampage  .    (no cloak)
rCorr   +                        (no gloves)
Will    .....                    (no boots)
Stlth   +++                      (no amulet)
HPRegen 0.28/turn                (no ring)
MPRegen 0.14/turn                (no ring)

@: brilliant, resistant, very slightly contaminated, very slow
A: fangs 1, strong nose, distributed training
a: Renounce Religion


You were on level 4 of the Dungeon.
You worshipped Cheibriados.
Cheibriados was noncommittal.
You visited 1 branch of the dungeon, and saw 4 of its levels.

You collected 189 gold pieces.

Inventory:

Hand Weapons
 n - a +0 morningstar (weapon)
Missiles
 i - 5 poisoned darts
Armour
 a - a +0 robe (worn)
 f - a +0 helmet (worn)
Magical Staves
 q - the staff of cold "Muum" {rElec rPois rC+ rN+}
   (You found it on level 4 of the Dungeon)

   [staff of cold]

   Base accuracy: +5 Base damage: 5 Base attack delay: 1.2 This weapon's minimum
   attack delay (0.6) is reached at skill level 12.
   rC:        It protects you from cold.
   rElec:     It insulates you from electricity.
   rPois:     It protects you from poison.
   rN:        It protects you from negative energy.
   It falls into the 'Staves' category.
   It is a one-handed weapon.
Wands
 l - a wand of flame (18)
Scrolls
 c - 7 scrolls of identify {unknown}
 d - 2 scrolls of fog {unknown}
 e - 2 scrolls of teleportation {unknown}
 g - a scroll of fear {unknown}
 j - a scroll of vulnerability {unknown}
 m - a scroll of blinking {unknown}
 p - a scroll of enchant weapon {unknown}
 r - a scroll of immolation {unknown}
 t - a scroll of noise {unknown}


   Skills:
 + Level 2.5 Fighting
 + Level 2.5 Short Blades
 + Level 2.5 Long Blades
 + Level 2.5 Axes
 + Level 2.5 Maces & Flails
 + Level 2.5 Polearms
 + Level 2.5 Staves
 + Level 2.5 Ranged Weapons
 + Level 2.5 Throwing
 + Level 2.5 Armour
 + Level 5.2 Dodging
 + Level 4.9 Stealth
 + Level 2.5 Shields
 + Level 2.5 Unarmed Combat
 + Level 5.6 Spellcasting
 + Level 3.0 Conjurations
 + Level 2.0 Hexes
 + Level 2.0 Summonings
 + Level 2.0 Necromancy
 + Level 2.0 Translocations
 + Level 2.0 Transmutations
 + Level 5.8 Fire Magic
 + Level 2.0 Ice Magic
 + Level 2.0 Air Magic
 + Level 2.0 Earth Magic
 + Level 2.0 Poison Magic
 + Level 2.8 Invocations
 + Level 2.5 Evocations


You had 14 spell levels left.
You knew the following spells:

 Your Spells              Type           Power      Damage    Failure   Level
a - Foxfire               Conj/Fire      100%       2x1d9     2%          1
b - Scorch                Fire           74%        2d8       1%          2

Your spell library contained the following spells:

 Spells                   Type           Power      Damage    Failure   Level
 Freeze                   Ice            68%        1d8       5%          1
 Static Discharge         Conj/Air       40%        2-4/arc   7%          2
 Inner Flame              Hex/Fire       27%        N/A       8%          3
 Volatile Blastmotes      Fire/Tloc      54%        2d14      8%          3
 Hailstorm                Conj/Ice       20%        3d6       14%         3
 Frozen Ramparts          Ice            34%        1d6       17%         3
 Flame Wave               Conj/Fire      29%        2d9       22%         4
 Airstrike                Air            8%         2d(2-18)  50%         4
 Summon Lightning Spire   Summ/Air       17%        N/A       50%         4


Dungeon Overview and Level Annotations

Branches:
Dungeon (4/15)
 Temple: D:4-7

Altars:
Cheibriados
Dithmenos
Elyvilon
Makhleb
Nemelex Xobeh
Okawaru
Ru
Sif Muna
Vehumet
Wu Jian
Xom

Annotations:
D:4 Edmund


Innate Abilities, Weirdness & Mutations

You have very sharp teeth.
Your uncanny sense of smell can sniff out nearby items.
Your experience applies equally to all skills.


Message History

Magic courses through your body.
Edmund hits you with a +5 flail of protection!
Unknown command.
Casting: Scorch (safe; 1% risk of failure)
Confirm with . or Enter, or press ? or * to list all spells.
Flames lash Edmund.
Edmund is heavily wounded.
Edmund hits you with a +5 flail of protection!
* * * LOW HITPOINT WARNING * * *
Unknown command.
Casting: Scorch (safe; 1% risk of failure)
Confirm with . or Enter, or press ? or * to list all spells.
Flames lash Edmund but do no damage.
Edmund misses you.
Okay, then.
Level annotation: Edmund Options error: Invalid setting for tile_player_tile: "mons:" (~/.crawlrc:112) Welcome back, retardedninja the Gnoll Fire Elementalist.
Cheibriados says: Take it easy.
Press ? for a list of commands and other information.
It was a potion of resistance.
You feel protected. Edmund barely misses you.
It was a potion of curing.
You feel better. Edmund barely misses you.
Cast which spell? (? or * to list) Flames lash Edmund but do no damage.
Edmund hits you with a +5 flail of protection!
* * * LOW HITPOINT WARNING * * *
Casting: Scorch (safe; 1% risk of failure)
Confirm with . or Enter, or press ? or * to list all spells.
Flames lash Edmund but do no damage.
Edmund barely misses you.
Casting: Scorch (safe; 1% risk of failure)
Confirm with . or Enter, or press ? or * to list all spells.
Flames lash Edmund.
Edmund is burned terribly!
Edmund is severely wounded.
Edmund hits you with a +5 flail of protection.
* * * LOW HITPOINT WARNING * * *
It was a potion of brilliance.
You feel clever all of a sudden.
Edmund hits you with a +5 flail of protection!
You die...

#.......... #####......
#......≈≈≈≈≈≈......#.....#####
###......§§≈≈≈≈......#...#.#
#))......≈≈≈≈≈≈......###.#.# ##
#.)......§≈≈≈≈≈......# #...# #.
#)#......≈≈≈≈≈≈......###.#.# #.
#.#......≈§≈≈§≈......#...#.# #.
#.#.............@....#.###.####.
#.##...........@....##.###......
#..##..............##...........
##.###............####.###..##..
#..###..........##....# #..###.
##.# ##........##########......
#.############# ##.###.#.
#.......#.# #.## ##..
#.......#<# #.# #). #.......#.##
#.## ##..


You could see Edmund (combustible).

Vanquished Creatures
  Sigmund (D:3)
  2 ogres (D:4)
  Ijyb (D:3)
  2 orc wizards
  3 gnolls (D:2)
  3 adders
  A worm (D:3)
  A dart slug (D:1)
  17 orcs
  7 ball pythons
  7 endoplasms
  3 giant cockroaches
  11 goblins
  14 hobgoblins
  2 jackals (D:3)
  8 kobolds
  7 quokkas
  6 bats
  3 frilled lizards
  7 rats
106 creatures vanquished.

Vanquished Creatures (others)
  353 foxfires
353 creatures vanquished.

Grand Total: 459 creatures vanquished

Notes
Turn   | Place    | Note
-------+----------+-------------------------------------------
     0 | D:1      | retardedninja the Gnoll Fire Elementalist began the quest
                  | for the Orb.
     0 | D:1      | Reached XP level 1. HP: 13/13 MP: 6/6
    69 | D:1      | Reached XP level 2. HP: 19/19 MP: 2/7
   574 | D:1      | Reached skill level 5 in Spellcasting
   574 | D:1      | Reached XP level 3. HP: 25/25 MP: 2/9
   613 | D:1      | Reached skill level 1 in Invocations
   878 | D:1      | Reached skill level 1 in Fighting
   878 | D:1      | Reached skill level 1 in Short Blades
   878 | D:1      | Reached skill level 1 in Long Blades
   878 | D:1      | Reached skill level 1 in Axes
   878 | D:1      | Reached skill level 1 in Maces & Flails
   878 | D:1      | Reached skill level 1 in Polearms
   878 | D:1      | Reached skill level 1 in Staves
   878 | D:1      | Reached skill level 1 in Ranged Weapons
   878 | D:1      | Reached skill level 1 in Throwing
   878 | D:1      | Reached skill level 1 in Armour
   878 | D:1      | Reached skill level 1 in Shields
   878 | D:1      | Reached skill level 1 in Unarmed Combat
   878 | D:1      | Reached skill level 1 in Evocations
  1257 | D:2      | HP: 1/26 [gnoll/+0 halberd (12)]
  1434 | D:1      | Learned a level 2 spell: Scorch
  1439 | D:2      | Reached XP level 4. HP: 18/32 MP: 3/11
  1528 | D:2      | Reached skill level 1 in Hexes
  1528 | D:2      | Reached skill level 1 in Summonings
  1528 | D:2      | Reached skill level 1 in Necromancy
  1528 | D:2      | Reached skill level 1 in Translocations
  1528 | D:2      | Reached skill level 1 in Transmutations
  1528 | D:2      | Reached skill level 1 in Ice Magic
  1528 | D:2      | Reached skill level 1 in Air Magic
  1528 | D:2      | Reached skill level 1 in Earth Magic
  1528 | D:2      | Reached skill level 1 in Poison Magic
  2416 | D:2      | Reached XP level 5. HP: 37/37 MP: 10/12
  2639 | D:2      | Identified the +5 leather armour of Qetz {Regen+}
  2647 | D:2      | Found a faded altar of an unknown god.
  3373 | D:3      | Noticed Sigmund
  3396 | D:3      | Killed Sigmund
  3397 | D:3      | Reached skill level 5 in Dodging
  3397 | D:3      | Reached XP level 6. HP: 20/44 MP: 1/14
  3674 | D:3      | Noticed Ijyb
  3686 | D:3      | Killed Ijyb
  4666 | D:4      | Reached XP level 7. HP: 51/51 MP: 9/15
  4666 | D:4      | Identified the staff of cold "Muum" {rElec rPois rC+ rN+}
  5138 | D:4      | Found an iron altar of Okawaru.
  5138 | D:4      | Found a radiant altar of Vehumet.
  5138 | D:4      | Found a shimmering blue altar of Sif Muna.
  5143 | D:4      | Found an ornate altar of the Wu Jian Council.
  5144 | D:4      | Found a sacrificial altar of Ru.
  5146 | D:4      | Found a snail-covered altar of Cheibriados.
  5146 | D:4      | Found a shimmering altar of Xom.
  5147 | D:4      | Found a shadowy altar of Dithmenos.
  5149 | D:4      | Found a white marble altar of Elyvilon.
  5153 | D:4      | Found a sparkling altar of Nemelex Xobeh.
  5158 | D:4      | Became a worshipper of Cheibriados the Contemplative
  5162 | D:4      | Found a burning altar of Makhleb.
  5629 | D:4      | Noticed Edmund
  5654 | D:4      | Slain by Edmund

Illustrated notes

Levels and vault maps discovered:
D:1:      sevenhm_arrival_forest_fort_small_3, layout_rooms, minmay_surrounded
D:2:      layout_basic, shapermc_ecumenical_altar_totnotflames,
          minmay_quadrilaterals
D:3:      layout_rooms, uniq_ijyb, uniq_sigmund
D:4:      layout_loops_ring, nicolae_overflow_hallway_of_the_gods, nrook_uturn,
          chequers_serial_rivers_room_b, kennysheep_big_empty_room,
          minmay_misc_feat_more_columns, uniq_edmund

Skill      XL: |  1  2  3  4  5  6  7 |
---------------+----------------------+-----
Conjurations   | 2 3 |  3.0
Spellcasting   | 5 |  5.6
Invocations    | 1 2 |  2.8
Fighting       | 1 2 |  2.5
Short Blades   | 1 2 |  2.5
Long Blades    | 1 2 |  2.5
Axes           | 1 2 |  2.5
Maces & Flails | 1 2 |  2.5
Polearms       | 1 2 |  2.5
Staves         | 1 2 |  2.5
Ranged Weapons | 1 2 |  2.5
Throwing       | 1 2 |  2.5
Armour         | 1 2 |  2.5
Shields        | 1 2 |  2.5
Unarmed Combat | 1 2 |  2.5
Evocations     | 1 2 |  2.5
Hexes          | 1 2 |  2.0
Summonings     | 1 2 |  2.0
Necromancy     | 1 2 |  2.0
Translocations | 1 2 |  2.0
Transmutations | 1 2 |  2.0
Ice Magic      | 1 2 |  2.0
Air Magic      | 1 2 |  2.0
Earth Magic    | 1 2 |  2.0
Poison Magic   | 1 2 |  2.0
Dodging        | 5 |  5.2
Stealth        | |  4.9
Fire Magic     | |  5.8

Action                     |  1- 3 |  4- 6 |  7- 9 || total
---------------------------+-------+-------+-------++-------
  Melee: Unarmed           |    30 |       |       ||    30
         Bite              |     3 |     1 |       ||     4
         Mace              |       |    12 |     2 ||    14
         Punch             |       |     1 |       ||     1
   Cast: Foxfire           |    74 |   136 |     8 ||   218
         Scorch            |     3 |    24 |    18 ||    45
  Evoke: Wand              |       |       |     2 ||     2
    Use: Potion            |     1 |       |     6 ||     7
 Armour: Robe              |     7 |    10 |     3 ||    20
  Dodge: Dodged            |    44 |    47 |    22 ||   113

Table legend: (Time is in decaauts)
 A = Elapsed time spent in this place.
 B = Non-inter-level travel time spent in this place.
 C = Inter-level travel time spent in this place.
 D = Time resting spent in this place.
 E = Time spent auto-exploring this place.
 F = Levels seen in this place.
 G = Mean time per level.
                   A        B        C        D        E       F      G
               +--------+--------+--------+--------+--------+-----+--------+
         Total |   5668 |   5564 |    104 |    906 |   3803 |   4 | 1417.0 |
       Dungeon |   5668 |   5564 |    104 |    906 |   3803 |   4 | 1417.0 |
               +--------+--------+--------+--------+--------+-----+--------+

Top non-repeatable levels by time:
     D:2: 1739 daAuts
     D:4: 1372 daAuts
     D:3: 1308 daAuts
     D:1: 1247 daAuts
